 Dungeon Crawl Stone Soup version 0.32-a0-913-g739538afd8 (webtiles) character file.

Game seed: 10196784940187674184

136 Tamtam the Ruffian (level 4, 0/45 HPs)
             Began as a Troll Berserker on Apr 9, 2024.
             Was a Believer of Trog.
             Slain by an ogre
             ... wielding a +0 giant club
              (29 damage)
             ... on level 3 of the Dungeon.
             The game lasted 00:01:51 (1134 turns).

Tamtam the Ruffian (Troll Berserker)                Turns: 1134, Time: 00:01:52

Health: 0/45       AC:  4    Str: 27    XL:     4   Next: 98%
Magic:  3/3        EV:  9    Int:  3    God:    Trog [**....]
Gold:   122        SH:  0    Dex:  9    Spells: 3/3 levels left

rFire   . .          .
                       - Unarmed
rCold   . . .        (no shield)
rNeg    . . .        a - +0 animal skin
rPois   .            (helmet restricted)
rElec   .            (no cloak)
rCorr   .            (gloves unavailable)
SInv    .            (boots unavailable)
Will    .....        (no amulet)
Stlth   +            (no ring)
HPRegen 1.07/turn    (no ring)
MPRegen 0.08/turn

%: no passive effects
@: no status effects
A: large, unfitting armour, claws 3, regeneration 1, shaggy fur 1, tough skin 1
a: Renounce Religion, Berserk, Trog's Hand


You were on level 3 of the Dungeon.
You worshipped Trog.
Trog was pleased with you.
You visited 1 branch of the dungeon, and saw 3 of its levels.

You collected 122 gold pieces.

Inventory:

Missiles
 l - 6 poisoned darts (quivered)
Armour
 a - a +0 animal skin (worn)
Wands
 o - a wand of acid (7)
Scrolls
 b - a scroll of amnesia {unknown}
 c - a scroll of revelation {unknown}
 d - a scroll of vulnerability {unknown}
 f - a scroll of butterflies {unknown}
 i - a scroll of teleportation {unknown}
 p - 3 scrolls of fog {unknown}
Potions
 e - a potion of might {unknown}
 g - a potion of brilliance {unknown}
 h - a potion of magic {unknown}
 j - a potion of invisibility {unknown}
 k - a potion of heal wounds {unknown}
 m - a potion of mutation {unknown}
 n - a potion of degeneration {unknown}


   Skills:
 + Level 3.1 Fighting
 + Level 3.1 Dodging
 * Level 4.5 Unarmed Combat


You had 3 spell levels left.
You didn't know any spells.
Your spell library was empty.

Dungeon Overview and Level Annotations

Branches:
Dungeon (3/15)

Altars:


Innate Abilities, Weirdness & Mutations

You are too large for most types of armour.
You have claws for hands.
Your natural rate of healing is unusually fast.
You are covered in fur. (AC +1)
You have tough skin. (AC +1)


Message History

No target in view!
No target in view!
No target in view!
No target in view!
No target in view!
No target in view!
No target in view!
No target in view!
You feel sick.
You feel sick.
You feel sick.
You feel sick.
You are no longer poisoned.
HP restored.
You see here an adder corpse. 2 gnolls come into view.
Found 6 javelins.
Found a stone staircase leading up.
The gnoll shouts! x2; You hear a shout!
A gnoll comes into view. It is wielding a +0 spear.
The gnoll shouts!
There are monsters nearby!
You closely miss the gnoll. The gnoll barely misses you. x2
You claw the gnoll!
You kill the gnoll!
Trog accepts your kill.
An ogre comes into view. It is wielding a +0 giant club.
The gnoll hits you from afar with a +0 spear.
You barely miss the gnoll. Your claw misses the gnoll.
The gnoll hits you with a +0 whip.
The gnoll hits you from afar with a +0 spear.
You barely miss the gnoll. The gnoll hits you with a +0 whip.
The gnoll barely misses you.
You mangle the gnoll!!
You kill the gnoll!
Trog accepts your kill.
The gnoll hits you from afar with a +0 spear!
You barely miss the ogre. The gnoll closely misses you.
The ogre hits you with a +0 giant club!!
Ouch! That really hurt!
You die...

#............
#.##.###.##...
#.#......# ...#
#.######## #..# #.#
#?.. #.# #... #.# #..#
##.#. #.# #..###g.....
#.# #...@O..<(..
#.###########.#####....
#.........†...# .
###############


You could see an ogre and a gnoll.

Vanquished Creatures
  2 gnolls (D:3)
  6 adders
  A ribbon worm (D:2)
  2 dart slugs (D:1)
  An orc (D:3)
  6 ball pythons
  3 endoplasms
  2 giant cockroaches
  4 goblins (D:1)
  4 hobgoblins
  5 jackals
  2 quokkas (D:1)
  9 bats
  3 frilled lizards
  4 kobolds
  3 rats
57 creatures vanquished.

Notes
Turn   | Place    | Note
-------+----------+-------------------------------------------
     0 | D:1      | Tamtam the Troll Berserker began the quest for the Orb.
     0 | D:1      | Reached XP level 1. HP: 22/22 MP: 0/0
    99 | D:1      | Reached XP level 2. HP: 29/29 MP: 1/1
   123 | D:1      | Found a faded altar of an unknown god.
   296 | D:1      | Reached ** piety under Trog
   302 | D:1      | Reached XP level 3. HP: 32/36 MP: 2/2
   625 | D:2      | Reached skill level 4 in Unarmed Combat
   781 | D:2      | Reached XP level 4. HP: 43/44 MP: 3/3
  1130 | D:3      | Noticed an ogre
  1134 | D:3      | Slain by an ogre

Illustrated notes

Levels and vault maps discovered:
D:1:      tarquinn_simple_flora_water_e, layout_basic,
          chequers_ecumenical_altar_simple, chequers_serial_rivers_small_3,
          minmay_pentomino_v2
D:2:      cheibrodos_old_hovel, layout_rooms, minmay_distorted
D:3:      layout_basic, yredelemnul_forgotten_temple_becter,
          grunt_temple_overflow_order_and_chaos_1, uniq_grinder,
          uniq_crazy_yiuf_cottage, uniq_robin, uniq_ijyb

Skill      XL: |  1  2  3  4 |
---------------+-------------+-----
Unarmed Combat | 4 |  4.5
Fighting       | 3 |  3.1
Dodging        | 3 |  3.1

Action                     |  1- 3 |  4- 6 || total
---------------------------+-------+-------++-------
  Melee: Unarmed           |   101 |    31 ||   132
         Punch             |     1 |       ||     1
   Stab: Sleeping          |     1 |       ||     1
 Armour: Animal skin       |    73 |    20 ||    93
  Dodge: Dodged            |    48 |    14 ||    62

Table legend: (Time is in decaauts)
 A = Elapsed time spent in this place.
 B = Non-inter-level travel time spent in this place.
 C = Inter-level travel time spent in this place.
 D = Time resting spent in this place.
 E = Time spent auto-exploring this place.
 F = Levels seen in this place.
 G = Mean time per level.
                   A        B        C        D        E       F      G
               +--------+--------+--------+--------+--------+-----+--------+
         Total |   1124 |   1098 |     26 |      0 |    796 |   3 |  374.7 |
       Dungeon |   1124 |   1098 |     26 |      0 |    796 |   3 |  374.7 |
               +--------+--------+--------+--------+--------+-----+--------+

Top non-repeatable levels by time:
     D:1: 535 daAuts
     D:2: 493 daAuts
     D:3: 96 daAuts
